 Dungeon Crawl Stone Soup version 0.27.1-3-gb3d3a73c9e (webtiles) character file.

Game seed: 7532129958771289344

3779 H0rd4k the Slicer (level 10, -5/77 HPs)
             Began as a Human Artificer on Oct 22, 2021.
             Slain by a two-headed ogre (11 damage)
             ... on level 9 of the Dungeon.
             The game lasted 00:21:53 (13813 turns).

H0rd4k the Slicer (Human Artificer)                Turns: 13813, Time: 00:21:54

Health: -5/77      AC: 10    Str: 15    XL:     10   Next: 38%
Magic:  10/10      EV:  7    Int: 13    God:
Gold:   559        SH:  0    Dex: 15    Spells: 9/9 levels left

rFire    + . .     SeeInvis .   x - +2 dagger (venom)
rCold    . . .     Faith    .   (no shield)
rNeg     + . .     Spirit   .   f - +1 chain mail {rF+}
rPois    .         Reflect  .   i - +0 helmet
rElec    .         Harm     .   (no cloak)
rCorr    .         Rampage  .   (no gloves)
Will     .....     Clarity  +   (no boots)
Stlth    ..........             n - amulet of the acrobat
HPRegen  0.22/turn              o - +4 ring of protection
MPRegen  0.12/turn              v - ring of positive energy

@: no status effects
A: agile 1, clarity, deformed body, sense surroundings 1
a: no special abilities


You were on level 9 of the Dungeon.
You visited 2 branches of the dungeon, and saw 10 of its levels.
You also visited: Ossuary.

You collected 559 gold pieces.

Inventory:

Hand Weapons
 m - a +5 hunting sling
 x - a +2 dagger of venom (weapon)
Missiles
 a - a throwing net
 k - 11 poisoned darts (quivered)
 r - 138 stones
 w - 63 sling bullets
 E - a curare-tipped dart
Armour
 f - a +1 chain mail of fire resistance (worn)
 i - a +0 helmet (worn)
 t - a +3 scale mail
Jewellery
 n - an amulet of the acrobat (around neck)
 o - a +4 ring of protection (left hand)
 v - a ring of positive energy (right hand)
Wands
 B - a wand of polymorph (8)
 D - a wand of iceblast (3)
Scrolls
 b - a scroll of fear {unknown}
 h - a scroll of immolation {unknown}
 j - 4 scrolls of teleportation
 l - 6 scrolls of vulnerability {unknown}
 p - 3 scrolls of fog {unknown}
 q - 12 scrolls of identify {unknown}
 s - 3 scrolls of blinking {unknown}
 y - a scroll of holy word {unknown}
 C - 2 scrolls of acquirement {unknown}
 F - a scroll of enchant weapon {unknown}
Potions
 c - a potion of ambrosia
 d - 3 potions of degeneration {unknown}
 g - 4 potions of attraction {unknown}
 u - a potion of brilliance {unknown}
 z - a potion of magic {unknown}
 A - 2 potions of lignification {unknown}
 G - a potion of curing
 H - a potion of haste {unknown}
Miscellaneous
 e - a piece from Xom's chessboard (15/15)


   Skills:
 + Level 6.5 Fighting
 + Level 8.7 Short Blades
 - Level 6.2(6.4) Slings
 + Level 2.1(4.4) Throwing
 - Level 2.0 Armour
 + Level 3.7 Dodging
 - Level 1.0 Stealth
 + Level 5.8 Evocations


You had 9 spell levels left.
You didn't know any spells.
Your spell library contained the following spells:

 Spells                   Type           Power      Damage    Failure   Level
 Gell's Gravitas          Tloc           0%         N/A       100%        3
 Lesser Beckoning         Tloc           0%         N/A       100%        3
 Teleport Other           Tloc           0%         N/A       100%        3


Dungeon Overview and Level Annotations

Branches:
Dungeon (9/15)             Temple (1/1) D:4             Orc (0/2) D:9
Ossuary (visited)
   Lair: D:8-11

Altars:
Ashenzari
Cheibriados
Dithmenos
Elyvilon
Fedhas
Hepliaklqana
Kikubaaqudgha
Makhleb
Nemelex Xobeh
Okawaru
Qazlal
Sif Muna
Trog
Uskayaw
Vehumet
Wu Jian
Xom
Yredelemnul
The Shining One

Annotations:
D:3 2 transporters, Menkaure
D:5 exclusions: downstairs and upstairs
D:6 3 runed translucent doors, exclusion: upstairs, doomsgape's ghost, novice GrFi
D:7 exclusion: upstairs
D:8 exclusion: downstairs


Innate Abilities, Weirdness & Mutations

You are agile. (Dex +2)
You possess an exceptional clarity of mind.
Armour fits poorly on your strangely shaped body.
You passively map a small area around you.


Message History

Aim: a two-headed ogre, wielding a +0 giant club and a +0 giant spiked club The mass of ice explodes!
The iceblast engulfs the two-headed ogre!!
The two-headed ogre is heavily wounded.
The iceblast engulfs something!
Saving game... please wait.
Welcome back, H0rd4k the Human Artificer.
Press ? for a list of commands and other information.
You see here a killer bee corpse.
There is an open door here.
Things that are here:
a killer bee corpse; a killer bee corpse An orc wizard appears from thin air!
You hit the two-headed ogre but do no damage.
The two-headed ogre is poisoned.
The two-headed ogre is heavily wounded.
The two-headed ogre barely misses you.
The two-headed ogre hits you with a +0 giant spiked club!!
The orc wizard casts a spell.
The orc wizard flickers and vanishes!
Deactivating autopickup; reactivate with Ctrl-A.
The two-headed ogre looks more healthy.
You hit the two-headed ogre.
The two-headed ogre is heavily wounded.
You hit the two-headed ogre.
The two-headed ogre is heavily wounded.
The two-headed ogre hits you with a +0 giant club!!
The two-headed ogre hits you with a +0 giant spiked club.
A magic dart appears from out of thin air!
The magic dart hits you.
Aiming: Iceblast
Press: ? - help, Shift-Dir - straight line, f - two-headed ogre
Aim: a two-headed ogre, wielding a +0 giant club and a +0 giant spiked club (heavily wounded)
The mass of ice explodes!
The iceblast engulfs the two-headed ogre!!
The two-headed ogre is almost dead.
The two-headed ogre hits you with a +0 giant club!!
* * * LOW HITPOINT WARNING * * *
The two-headed ogre hits you with a +0 giant spiked club!
You die...

............#....................
............#....#########.....##
............#.........#..........
.†..........#.......<[#..........
............#........y#..........
............#.........#..........
............######....#######....
............o....#..........#....
#####..######..O@#..........#....
.....................#......#....
....................#.......#....
..8.......8........#.#......#....
..................#.##...........
.8.........8.....#.###...........
................#.## #...........
..8.......8....#.## #...........
..#..#.#..#...#.### #...........


You could see a two-headed ogre and an orc.

Vanquished Creatures
  2 steam dragons
  A troll (D:9)
  A water moccasin (D:7)
  2 ice beasts
  4 scorpions
  A black bear (D:6)
  An orc warrior (D:8)
  A hornet zombie (D:9)
  2 centaurs
  3 phantoms
  Blork the orc (D:4)
  A kobold brigand (D:9)
  4 bullfrogs
  6 killer bees
  4 wights
  3 howler monkeys (D:8)
  A hound (D:4)
  2 centaur zombies (D:7)
  2 jellies
  3 orc priests
  A bullfrog skeleton (D:7)
  Natasha (thrice) (D:3)
  3 iguanas
  An orc wizard (D:8)
  9 mummies
  4 gnolls (D:8)
  An adder (D:6)
  An ufetubus (D:5)
  2 worms
  2 dart slugs
  18 orcs
  9 ball pythons
  8 endoplasms
  5 giant cockroaches
  6 goblins
  6 hobgoblins
  6 jackals (D:1)
  2 quokkas
  7 bats
  5 frilled lizards
  2 gnoll zombies (Ossuary)
  3 hobgoblin zombies (Ossuary)
  9 kobolds
  2 kobold zombies (Ossuary)
  An orc zombie (Ossuary)
  6 rats
167 creatures vanquished.

Vanquished Creatures (collateral kills)
  A scorpion (D:5)
  An ogre (D:5)
  A howler monkey zombie (D:5)
  Robin (D:4)
  A bat (D:2)
  9 goblins (D:4)
  A hobgoblin (D:4)
15 creatures vanquished.

Vanquished Creatures (others)
  A water moccasin (D:6)
  A phantom (D:6)
2 creatures vanquished.

Grand Total: 184 creatures vanquished

Notes
Turn   | Place    | Note
-------+----------+-------------------------------------------
     0 | D:1      | H0rd4k the Human Artificer began the quest for the Orb.
     0 | D:1      | Reached XP level 1. HP: 15/15 MP: 1/1
   172 | D:1      | Reached XP level 2. HP: 18/21 MP: 2/2
   584 | D:1      | Reached XP level 3. HP: 11/26 MP: 3/3
  1458 | D:1      | Found a faded altar of an unknown god.
  2016 | D:2      | Reached skill level 1 in Short Blades
  2088 | D:2      | Reached XP level 4. HP: 20/32 MP: 4/4
  2612 | D:3      | Noticed Natasha
  2621 | D:3      | Killed Natasha
  2622 | D:3      | Reached skill level 2 in Short Blades
  2816 | D:3      | Noticed Natasha
  2825 | D:3      | Killed Natasha
  2826 | D:3      | Reached XP level 5. HP: 30/37 MP: 5/5
  2881 | D:3      | Found a basalt altar of Yredelemnul.
  2881 | D:3      | Noticed Menkaure
  2903 | D:3      | Found an ancient bone altar of Kikubaaqudgha.
  2949 | D:3      | Found a transporter.
  2964 | D:3      | Found a transporter.
  3074 | D:3      | Noticed Natasha
  3078 | D:3      | Killed Natasha
  3112 | D:3      | Reached skill level 3 in Short Blades
  3501 | D:3      | Found a snail-covered altar of Cheibriados.
  4030 | D:4      | Reached XP level 6. HP: 33/44 MP: 6/6
  4148 | D:4      | Found a shadowy altar of Dithmenos.
  4204 | D:4      | Found a shimmering altar of Xom.
  4283 | D:4      | Found a staircase to the Ecumenical Temple.
  4315 | D:4      | Noticed Blork the orc
  4354 | D:5      | Entered Level 5 of the Dungeon
  4493 | D:5      | Noticed an ogre
  4551 | D:5      | Killed an ogre
  4763 | D:5      | Killed a scorpion
  4780 | D:5      | Found a broken altar of Ashenzari.
  4812 | D:5      | Killed a scorpion
  4813 | D:5      | Reached skill level 4 in Short Blades
  4813 | D:5      | Reached XP level 7. HP: 22/51 MP: 7/7
  5274 | D:4      | Noticed a steam dragon
  5333 | D:4      | Noticed Robin
  5353 | D:4      | Killed Robin
  5404 | Temple   | Entered the Ecumenical Temple
  5662 | D:4      | Found a hazy altar of Hepliaklqana.
  5754 | D:6      | Noticed a steam dragon
  5836 | D:6      | Noticed a water moccasin
  5860 | D:6      | Killed a steam dragon
  5861 | D:6      | Reached skill level 5 in Short Blades
  6126 | D:6      | Reached skill level 5 in Evocations
  6186 | D:6      | Noticed a two-headed ogre
  6407 | D:7      | Reached XP level 8. HP: 17/58 MP: 8/8
  6494 | D:7      | Found a sand-covered staircase.
  6544 | Ossuary  | Entered an ossuary
  6866 | Ossuary  | Gained mutation: You passively map a small area around you.
                  | [potion of mutation]
  6866 | Ossuary  | Gained mutation: Armour fits poorly on your strangely
                  | shaped body. [potion of mutation]
  6866 | Ossuary  | Gained mutation: You possess an exceptional clarity of
                  | mind. [potion of mutation]
  6866 | Ossuary  | Gained mutation: You are agile. (Dex +2) [potion of
                  | mutation]
  7507 | D:7      | Reached skill level 6 in Short Blades
  7992 | D:7      | Reached skill level 7 in Short Blades
  7992 | D:7      | Reached skill level 1 in Throwing
  7992 | D:7      | Reached XP level 9. HP: 36/66 MP: 9/9
  9189 | D:6      | Reached skill level 5 in Fighting
  9497 | D:5      | Reached skill level 1 in Slings
  9774 | D:5      | Reached skill level 8 in Short Blades
 10029 | D:4      | Killed Blork the orc
 10883 | D:6      | Found a runed translucent gate.
 10888 | D:6      | Found a runed translucent gate.
 10888 | D:6      | Found a runed translucent gate.
 10889 | D:6      | Noticed doomsgape's ghost (novice GrFi)
 11906 | D:8      | Reached skill level 5 in Slings
 12005 | D:8      | Reached XP level 10. HP: 58/74 MP: 10/10
 12515 | D:9      | Found a staircase to the Orcish Mines.
 12682 | D:9      | Found a hide-covered altar of Uskayaw.
 13761 | D:9      | Noticed a two-headed ogre
 13813 | D:9      | Slain by a two-headed ogre

Illustrated notes

Levels and vault maps discovered:
D:1:      lemuel_arrival_behind_the_door_large, layout_loops_cross,
          shapermc_ecumenical_altar_flowoftime
D:2:      layout_loops_ring
D:3:      layout_basic, gammafunk_temple_of_torment, chei_slow_surprise,
          uniq_natasha
D:4:      layout_basic, mainiacjoe_overflow_cross_hatched,
          mainiacjoe_overflow_boulevard, tgw_xom, minmay_temple_entry_fiery,
          uniq_robin, uniq_blork_the_orc
D:5:      layout_layer_cave, mainiacjoe_overflow_six_doors_small, uniq_menkaure
D:6:      layout_basic, nicolae_overflow_hidden_temple, gammafunk_ghost_split,
          fountainhead, minivault_25, minmay_misc_feat_iff
D:7:      layout_loops_ring, gup_ossuary_entry_pyramid
D:8:      layout_basic
D:9:      wad_pebble_path, layout_grid_maze, nicolae_uskayaw_dance_studio,
          orc_0_dummy
Temple:   minmay_temple_curvy_loop

Skill      XL: |  1  2  3  4  5  6  7  8  9 10 |
---------------+-------------------------------+-----
Evocations     | 4 5 |  5.8
Short Blades   | 1 2 3 4 5 7 8 |  8.7
Fighting       | 2 3 4 5 6 |  6.5
Dodging        | 2 3 |  3.7
Throwing       | 1 2 |  2.1
Slings         | 5 6 |  6.2
Armour         | |  2.0
Stealth        | |  1.0

Action                   |  1- 3 |  4- 6 |  7- 9 | 10-12 || total
-------------------------+-------+-------+-------+-------++-------
Melee: Club              |    22 |       |       |       ||    22
       Short sword       |   184 |   248 |   347 |       ||   779
       Dagger            |     1 |       |    40 |    94 ||   135
 Fire: Hunting sling     |       |       |   108 |    22 ||   130
Throw: Dart              |       |       |    18 |       ||    18
Evoke: Wand              |     1 |    21 |    27 |     5 ||    54
       Piece from Xom's  |       |     1 |     2 |       ||     3
  Use: Potion            |       |       |     7 |     1 ||     8
       Scroll            |       |       |     1 |       ||     1
 Stab: Sleeping          |     2 |       |       |       ||     2
Armor: Leather armour    |    20 |       |       |       ||    20
       Chain mail        |   135 |   129 |   218 |    57 ||   539
Dodge: Dodged            |    81 |    86 |   183 |    35 ||   385
